 Dungeon Sprint DCSS version 0.17-a0-1646-geb1493d (webtiles) character file.

9597 Kidiri the Unseen (level 11, -2/51 HPs)
             Began as a Spriggan Enchanter on Aug 10, 2015.
             Was the Champion of Dithmenos.
             Slain by a 12-headed hydra (11 damage)
             ... while paralysed by a giant eyeball
             ... in the Dungeon (Sprint I: "Red Sonja").
             The game lasted 00:13:54 (2481 turns).

Kidiri the Unseen (Spriggan Enchanter)              Turns: 2481, Time: 00:13:54

Health: -2/51      AC:  3    Str:  4    XL:     11   Next: 25%
Magic:  30/33      EV:  4    Int: 19    God:    Dithmenos [******]
Gold:   574        SH:  0    Dex: 18    Spells: 10 memorised, 2 levels left

rFire  . . .     SeeInvis +     a - +2 dagger (speed)
rCold  . . .     Clarity  .     b - +1 robe
rNeg   . . .     SustAt   .     (shield restricted)
rPois  .         Gourm    .     (helmet restricted)
rElec  .         Spirit   .     (no cloak)
rCorr  .         Warding  .     (gloves unavailable)
rMut   .         NoTele   +     (boots unavailable)
MR     +....                    (no amulet)
Stlth  ++++++++++               (no ring)
                                (no ring)

@: paralysed, wreathed by umbra, very quick, somewhat resistant to hostile
enchantments, uncannily stealthy
A: unfitting armour, horns 1, talons 1, see invisible, clever 1, clumsy 1,
herbivore 3, speed 3, high mp 1, robust 1, slow metabolism 2
a: Shadow Step, Shadow Form, Renounce Religion


You were in the Dungeon.
You worshipped Dithmenos.
Dithmenos was exalted by your worship.
You were not hungry.

You visited 1 branch You collected 1942 gold pieces.
You spent 1368 gold pieces at shops.

Inventory:

Hand weapons
 a - a +2 dagger of speed (weapon)
 n - a +0 dagger of draining
Armour
 b - a +1 robe (worn)
Magical devices
 k - a wand of digging (15)
 l - a wand of teleportation (4)
Scrolls
 c - a scroll of magic mapping {unknown}
 j - a scroll of blinking
Potions
 e - 7 potions of curing
 f - 3 potions of heal wounds
 g - a potion of haste
 h - 2 potions of magic
 i - a potion of berserk rage
 s - a potion of agility {unknown}
Books
 o - a book of Burglary

   Spells                             Type                      Level
   a - Swiftness                      Charms/Air                   2
   b - Passwall                       Transmutation/Earth          3
   c - Passage of Golubria            Translocation                4
   d - Lee's Rapid Deconstruction     Earth                        5
   e - Darkness                       Hexes                        6
   f - Invisibility                   Hexes                        6
Comestibles
 d - a bread ration
 m - a royal jelly


   Skills:
 + Level 9.6 Short Blades
 * Level 16.5 Dodging
 * Level 17.9 Stealth
 * Level 14.2 Spellcasting
 + Level 6.1 Conjurations
 + Level 10.8 Hexes
 + Level 4.7 Translocations
 + Level 4.0 Transmutations
 + Level 7.2 Ice Magic
 + Level 2.7 Earth Magic
 - Level 5.6 Invocations


You had 2 spell levels left.
You knew the following spells:

 Your Spells              Type           Power        Failure   Level  Hunger
a - Corona                Hex            ######.      1%          1    None
b - Ensorcelled Hibernat  Hex/Ice        #####.       1%          2    None
c - Confuse               Hex            ######..     1%          3    None
d - Tukima's Dance        Hex            ######..     1%          3    None
e - Dazzling Spray        Conj/Hex       #####...     1%          3    None
f - Passwall              Trmt/Erth      ####......   4%          3    None
g - Passage of Golubria   Tloc           N/A          10%         4    None
h - Lee's Rapid Deconstr  Erth           ###.......   50%         5    ####...
i - Darkness              Hex            ######....   12%         6    #####..
j - Invisibility          Hex            ######..     12%         6    #####..


Dungeon Overview and Level Annotations

Branches:
Dungeon (1/1)

Altars:
Cheibriados
Dithmenos
Elyvilon
Fedhas
Gozag
Kikubaaqudgha
Makhleb
Nemelex Xobeh
Okawaru
Qazlal
Ru
Sif Muna
Trog
Vehumet
Xom
Yredelemnul
Zin
The Shining One
Jiyva

Shops:
D *![[[:[(***::*[[[


Innate Abilities, Weirdness & Mutations

You are tiny and cannot use many weapons and most armour.
You have supernaturally acute eyesight.
You are a herbivore.
You cover ground extremely quickly.
You need consume almost no food.
You have a pair of small horns on your head.
You have sharp toenails.
Your mind is acute. (Int +2)
You are clumsy. (Dex -2)
You have an increased reservoir of magic (+10% MP).
You are robust (+10% HP).


Message History

You kill the hog!
Dithmenos accepts your kill.
Your Transmutations skill increases to level 4!
A giant eyeball comes into view.
Found 27 gold pieces.
You see here a hog corpse.
The gargoyle completely misses you.
The 12-headed hydra roars!
There is an open door here.
You hit the 12-headed hydra.
The 12-headed hydra is lightly wounded.
Your shadow barely misses the 12-headed hydra.
The giant eyeball turns its gaze towards you.
The giant eyeball gazes at you.
You suddenly lose the ability to move!
The 12-headed hydra bites you! The 12-headed hydra bites you!
You emit a cloud of dark smoke.
The 12-headed hydra bites you. The 12-headed hydra bites you!
* * * LOW HITPOINT WARNING * * *
The 12-headed hydra bites you!
You die...

####################
.#..#§§.§§†§§§§§@DG#
.##'#.####§§§§§##9§'..#
.'..#§#.###†§§## ####'#
##..§§#+# ###+# ##+####
# # ### +§#


You could see a 12-headed hydra, a gargoyle and a giant eyeball.

Vanquished Creatures
  2 centaur warriors (D)
  Sonja (D)
  A deep troll (D)
  2 unseen horrors (D)
  An oklob plant (D)
  A lindwurm (D)
  2 kobold demonologists (D)
  4 demonic crawlers (D)
  A slime creature (D)
  13 hogs (D)
  A yak (D)
  Sigmund (D)
  4 trapdoor spiders (D)
  A wasp (D)
  An ogre (D)
  7 necrophages (D)
  8 jellies (D)
  Ijyb (D)
  2 giant eyeballs (D)
  2 ballistomycetes (D)
  A giant spore (D)
57 creatures vanquished.

Vanquished Creatures (others)
  the Lernaean hydra (D)
  A hellwing (D)
  4 wasps (D)
  A giant spore (D)
7 creatures vanquished.

Grand Total: 64 creatures vanquished

Notes
Turn   | Place    | Note
--------------------------------------------------------------
     0 | D        | Kidiri the Spriggan Enchanter began the quest for the Orb.
     0 | D        | Reached XP level 1. HP: 9/9 MP: 5/5
     2 | D        | Noticed Ijyb
    22 | D        | Killed Ijyb
    22 | D        | Reached skill level 5 in Dodging
    22 | D        | Reached skill level 6 in Stealth
    22 | D        | Reached XP level 2. HP: 4/13 MP: 5/8
    29 | D        | Learned a level 2 spell: Ensorcelled Hibernation
   343 | D        | Noticed an ogre
   346 | D        | Killed an ogre
   346 | D        | Reached skill level 7 in Dodging
   346 | D        | Reached skill level 8 in Stealth
   346 | D        | Reached skill level 5 in Spellcasting
   346 | D        | Reached skill level 5 in Hexes
   346 | D        | Reached skill level 1 in Ice Magic
   346 | D        | Reached XP level 3. HP: 16/16 MP: 7/11
   346 | D        | Reached XP level 4. HP: 21/21 MP: 7/12
   491 | D        | Learned a level 3 spell: Confuse
   495 | D        | Learned a level 3 spell: Tukima's Dance
   499 | D        | Learned a level 3 spell: Dazzling Spray
   499 | D        | Noticed Sigmund
   502 | D        | Killed Sigmund
   502 | D        | Reached skill level 10 in Stealth
   502 | D        | Reached skill level 1 in Conjurations
   502 | D        | Reached XP level 5. HP: 24/24 MP: 12/15
   502 | D        | Reached XP level 6. HP: 28/28 MP: 13/17
   532 | D        | Found a snail-covered altar of Cheibriados.
   532 | D        | Found a shadowy altar of Dithmenos.
   532 | D        | Noticed a slime creature
   533 | D        | Found a viscous altar of Jiyva.
   533 | D        | Found a blossoming altar of Fedhas.
   543 | D        | Killed a slime creature
   543 | D        | Reached skill level 5 in Short Blades
   543 | D        | Reached skill level 10 in Dodging
   543 | D        | Reached skill level 11 in Stealth
   546 | D        | Became a worshipper of Dithmenos the Shadowed
   567 | D        | Found a deep blue altar of Sif Muna.
   568 | D        | Noticed a jelly
   569 | D        | Found a radiant altar of Vehumet.
   573 | D        | Killed a jelly
   611 | D        | Found Miraff's Distillery.
   611 | D        | Found a white marble altar of Elyvilon.
   611 | D        | Found a stormy altar of Qazlal.
   611 | D        | Found a burning altar of Makhleb.
   611 | D        | Found a sacrificial altar of Ru.
   611 | D        | Found a basalt altar of Yredelemnul.
   611 | D        | Found a glowing golden altar of the Shining One.
   611 | D        | Found a sparkling altar of Nemelex Xobeh.
   611 | D        | Found a shimmering altar of Xom.
   611 | D        | Found an opulent altar of Gozag.
   611 | D        | Found an ancient bone altar of Kikubaaqudgha.
   611 | D        | Found a glowing silver altar of Zin.
   611 | D        | Noticed a yak
   612 | D        | Found an iron altar of Okawaru.
   613 | D        | Killed a yak
   613 | D        | Reached skill level 1 in Invocations
   613 | D        | Reached XP level 7. HP: 32/32 MP: 18/20
   614 | D        | Found a bloodstained altar of Trog.
   619 | D        | Bought a potion of heal wounds for 55 gold pieces
   619 | D        | Bought a potion of curing for 33 gold pieces
   619 | D        | Bought a potion of curing for 33 gold pieces
   619 | D        | Bought a potion of heal wounds for 55 gold pieces
   619 | D        | Bought a potion of mutation for 27 gold pieces
   619 | D        | Bought a potion of mutation for 27 gold pieces
   619 | D        | Bought a potion of curing for 33 gold pieces
   619 | D        | Bought a potion of heal wounds for 55 gold pieces
   619 | D        | Gained mutation: You are clumsy. (Dex -2) [potion of mutation]
   619 | D        | Gained mutation: You are robust (+10% HP). [potion of mutation]
   619 | D        | Gained mutation: Your mind is acute. (Int +2) [potion of mutation]
   620 | D        | Gained mutation: You have an increased reservoir of magic (+10% MP). [potion of mutation]
   620 | D        | Gained mutation: You have sharp toenails. [potion of mutation]
   620 | D        | Gained mutation: You have a pair of small horns on your head. [potion of mutation]
   655 | D        | Noticed Sonja
   659 | D        | Killed Sonja
   659 | D        | Reached skill level 13 in Stealth
   659 | D        | Reached skill level 10 in Spellcasting
   659 | D        | Reached XP level 8. HP: 39/39 MP: 23/25
   676 | D        | Found Yczosop's Assorted Antiques.
   697 | D        | Noticed a deep troll
   701 | D        | Killed a deep troll
   712 | D        | Found Otsotex's Armour Emporium.
   739 | D        | Noticed a centaur warrior
   739 | D        | Noticed a centaur warrior
   757 | D        | Killed a centaur warrior
   757 | D        | Reached skill level 14 in Stealth
   757 | D        | Reached skill level 5 in Ice Magic
   757 | D        | Reached XP level 9. HP: 10/42 MP: 16/27
   761 | D        | Killed a centaur warrior
   761 | D        | Acquired Dithmenos's first power
   761 | D        | Reached skill level 15 in Stealth
   846 | D        | Noticed a wasp
   849 | D        | Killed a wasp
   849 | D        | Reached skill level 5 in Invocations
   864 | D        | Noticed an oklob plant
   866 | D        | Killed an oklob plant
   873 | D        | Noticed a trapdoor spider
   874 | D        | Noticed a trapdoor spider
  1011 | D        | Killed a wasp
  1123 | D        | Killed a trapdoor spider
  1135 | D        | Killed a trapdoor spider
  1195 | D        | Killed a wasp
  1239 | D        | Noticed a trapdoor spider
  1240 | D        | Noticed a trapdoor spider
  1242 | D        | Killed a trapdoor spider
  1242 | D        | Acquired Dithmenos's second power
  1242 | D        | Reached skill level 5 in Conjurations
  1242 | D        | Reached XP level 10. HP: 48/48 MP: 24/30
  1244 | D        | Killed a trapdoor spider
  1287 | D        | Noticed a jelly
  1287 | D        | Noticed a jelly
  1290 | D        | Noticed a jelly
  1296 | D        | Noticed an unseen horror
  1297 | D        | Noticed an unseen horror
  1303 | D        | Killed an unseen horror
  1303 | D        | Reached skill level 16 in Stealth
  1305 | D        | Killed an unseen horror
  1305 | D        | Reached skill level 15 in Dodging
  1305 | D        | Reached skill level 10 in Hexes
  1320 | D        | Noticed a jelly
  1320 | D        | Noticed a jelly
  1320 | D        | Noticed a jelly
  1320 | D        | Noticed a jelly
  1324 | D        | Killed a jelly
  1324 | D        | Acquired Dithmenos's third power
  1324 | D        | Killed a jelly
  1326 | D        | Killed a jelly
  1326 | D        | Killed a jelly
  1328 | D        | Killed a jelly
  1328 | D        | Killed a jelly
  1329 | D        | Killed a jelly
  1402 | D        | Noticed a necrophage
  1402 | D        | Noticed a necrophage
  1402 | D        | Noticed a necrophage
  1402 | D        | Noticed a necrophage
  1402 | D        | Noticed a necrophage
  1402 | D        | Noticed a necrophage
  1402 | D        | Noticed a necrophage
  1404 | D        | Killed a necrophage
  1406 | D        | Killed a necrophage
  1406 | D        | Acquired Dithmenos's fourth power
  1408 | D        | Killed a necrophage
  1411 | D        | Killed a necrophage
  1415 | D        | Killed a necrophage
  1420 | D        | Killed a necrophage
  1427 | D        | Killed a necrophage
  1534 | D        | Found Toplawip's Antique Armour Shoppe.
  1534 | D        | Found Boqaiq's Antique Armour Shop.
  1534 | D        | Found Icziello's Armour Boutique.
  1536 | D        | Found Udwowei's Book Emporium.
  1536 | D        | Found Perr's Antique Armour Shop.
  1536 | D        | Found Lajown's Antique Weapon Shoppe.
  1536 | D        | Found Illuebry's General Store.
  1536 | D        | Found Yniomof's General Store.
  1536 | D        | Found Udoedib's Assorted Antiques.
  1536 | D        | Found Ciagur's Book Shoppe.
  1540 | D        | Found Zantiud Vupa's Book Boutique.
  1541 | D        | Found Lawuh's Antique Armour Emporium.
  1541 | D        | Found Taczux's General Store.
  1542 | D        | Found Toumai's Armour Emporium.
  1553 | D        | Bought a book of Burglary for 1050 gold pieces
  1557 | D        | Learned a level 3 spell: Passwall
  1562 | D        | Learned a level 4 spell: Passage of Golubria
  1568 | D        | Learned a level 5 spell: Lee's Rapid Deconstruction
  1575 | D        | Learned a level 6 spell: Darkness
  1915 | D        | Noticed a kobold demonologist
  1916 | D        | Noticed a kobold demonologist
  1928 | D        | Killed a kobold demonologist
  1932 | D        | Killed a kobold demonologist
  1932 | D        | Reached skill level 1 in Translocations
  1932 | D        | Reached skill level 1 in Transmutations
  1971 | D        | Noticed a demonic crawler
  1971 | D        | Noticed a demonic crawler
  1971 | D        | Noticed a demonic crawler
  1971 | D        | Noticed a demonic crawler
  1987 | D        | Killed a demonic crawler
  1987 | D        | Reached skill level 17 in Stealth
  1987 | D        | Reached skill level 1 in Earth Magic
  1989 | D        | Killed a demonic crawler
  1998 | D        | Killed a hellwing
  2022 | D        | Killed a wasp
  2067 | D        | Killed a wasp
  2155 | D        | Killed a demonic crawler
  2159 | D        | Killed a demonic crawler
  2385 | D        | Killed the 27-headed Lernaean hydra
  2421 | D        | Noticed a lindwurm
  2423 | D        | Killed a lindwurm
  2423 | D        | Reached XP level 11. HP: 51/51 MP: 32/32
  2450 | D        | Learned a level 6 spell: Invisibility
  2458 | D        | Noticed a hog
  2458 | D        | Noticed a hog
  2458 | D        | Noticed a hog
  2458 | D        | Noticed a hog
  2458 | D        | Noticed a hog
  2458 | D        | Noticed a hog
  2458 | D        | Noticed a hog
  2458 | D        | Noticed a hog
  2459 | D        | Noticed a hog
  2459 | D        | Noticed a hog
  2460 | D        | Killed a hog
  2461 | D        | Killed a hog
  2462 | D        | Noticed a hog
  2462 | D        | Noticed a hog
  2462 | D        | Noticed a hog
  2463 | D        | Killed a hog
  2464 | D        | Killed a hog
  2466 | D        | Killed a hog
  2468 | D        | Killed a hog
  2469 | D        | Killed a hog
  2471 | D        | Killed a hog
  2472 | D        | Killed a hog
  2473 | D        | Killed a hog
  2474 | D        | Noticed a 12-headed hydra
  2475 | D        | Killed a hog
  2476 | D        | Killed a hog
  2477 | D        | Noticed a gargoyle
  2478 | D        | Killed a hog
  2481 | D        | Paralysed by a giant eyeball for 4 turns
  2481 | D        | Slain by a 12-headed hydra

Vault maps used:
D:        dungeon_sprint_1

Action                   |  1- 3 |  4- 6 |  7- 9 | 10-12 || total
-------------------------+-------+-------+-------+-------++-------
Melee: Dagger            |    17 |    11 |     9 |    90 ||   127
 Fire: Shortbow          |       |       |       |     1 ||     1
 Cast: Corona            |     2 |       |       |       ||     2
       Ensorcelled Hiber |     1 |       |     9 |     2 ||    12
       Confuse           |       |     1 |     3 |     6 ||    10
       Dazzling Spray    |       |       |       |    24 ||    24
       Passwall          |       |       |       |     2 ||     2
Invok: Shadow Step       |       |       |       |     1 ||     1
  Use: Potion            |       |       |     3 |       ||     3
       Scroll            |       |       |       |     4 ||     4
 Stab: Sleeping          |     1 |     3 |     9 |    21 ||    34
       Confused          |       |     2 |       |     3 ||     5
       Invisible         |       |       |       |     7 ||     7
